 Dungeon Crawl Stone Soup version 0.27-a0-401-gea03ee85fd (webtiles) character file.

Game seed: 10674378139494715783

20918 miscthings the Basher (level 12, -4/81 HPs)
             Began as a Demonspawn Chaos Knight on Feb 22, 2021.
             Was a Plaything of Xom.
             Slain by a two-headed ogre
             ... wielding a +0 giant club of flaming
              (19 damage)
             ... in a volcano.
             The game lasted 00:32:04 (12209 turns).

miscthings the Basher (Demonspawn Chaos Knight)    Turns: 12209, Time: 00:32:05

Health: -4/81      AC: 13    Str: 23 (24) XL:     12   Next: 49%
Magic:  12/12      EV: 17    Int: 13      God:    Xom [.*....]
Gold:   727        SH: 16    Dex: 14      Spells: 11/11 levels left

rFire    + + .     SeeInvis .   Q - +9 war axe of Ravage {drain, +Blink Str+5}
rCold    . . .     Faith    .   I - +0 kite shield
rNeg     . . .     Spirit   .   B - +3 leather armour {rF+}
rPois    .         Reflect  +   C - +0 hat
rElec    .         Harm     .   A - +2 cloak
rCorr    .         Rampage  .   i - +2 pair of gloves
Will     .....                  (no boots)
Stlth    ++........             q - amulet of reflection
HPRegen  0.00/turn              F - ring of protection from fire
MPRegen  0.13/turn              R - +4 ring of evasion

@: no status effects
A: antennae 2, camouflage 1, deformed body, deterioration 1, frail 1, powered by
death 1, inhibited regeneration, spiny 1, strong 1, sharp scales 2
a: Renounce Religion, Evoke Blink


You were in a volcano.
You worshipped Xom.
You were a plaything of Xom.
You visited 2 branches of the dungeon, and saw 14 of its levels.
You visited the Abyss 1 time.
You also visited: Sewer and Volcano.

You collected 727 gold pieces.

Inventory:

Hand Weapons
 Q - the +9 war axe of Ravage (weapon) {drain, +Blink Str+5}
   (You found it on level 11 of the Dungeon)

   A truly terrible weapon, it drains the life of those it strikes.
   It affects your strength (+5).
   It lets you blink.
Missiles
 y - 6 atropa-tipped darts (quivered)
Armour
 i - a +2 pair of gloves (worn)
 n - a +3 chain mail of cold resistance
 A - a +2 cloak (worn)
 B - a +3 leather armour of fire resistance (worn)
 C - a +0 hat (worn)
 I - a +0 kite shield (worn)
 S - the +2 chain mail of Pragmatism {Dex+5}
   (Xom gifted it to you on level 1 of the Lair of Beasts)

   It affects your dexterity (+5).
Jewellery
 q - an amulet of reflection (around neck)
 u - an amulet of regeneration
 F - a ring of protection from fire (left hand)
 L - a ring of willpower
 R - a +4 ring of evasion (right hand)
Wands
 e - a wand of flame (27)
 v - a wand of paralysis (14)
 z - a wand of mindburst (5)
 D - a wand of digging (17)
 E - a wand of polymorph (6)
 H - a wand of charming (3)
Scrolls
 c - a scroll of enchant armour
 d - a scroll of silence {unknown}
 g - 3 scrolls of teleportation
 j - 3 scrolls of blinking
 m - a scroll of random uselessness {unknown}
 o - 5 scrolls of magic mapping
 p - a scroll of fear
 x - a scroll of fog
 K - a scroll of enchant weapon {unknown}
 N - a scroll of immolation {unknown}
 P - a scroll of holy word {unknown}
Potions
 a - 3 potions of cancellation
 b - 2 potions of heal wounds
 f - 9 potions of ambrosia
 h - 3 potions of lignification
 k - 7 potions of brilliance
 l - a potion of berserk rage {unknown}
 r - a potion of resistance
 s - 5 potions of curing
 t - 7 potions of flight
 J - 2 potions of might
 M - 4 potions of haste
 O - a potion of magic {unknown}


   Skills:
 + Level 7.3 Fighting
 * Level 6.1(10.1) Axes
 - Level 12.4(12.9) Maces & Flails
 + Level 6.2 Armour
 + Level 6.1 Dodging
 + Level 6.0 Shields
 + Level 6.5 Evocations


You had 11 spell levels left.
You didn't know any spells.
Your spell library contained the following spells:

 Spells                   Type           Power        Failure   Level
 Sandblast                Erth           0%           75%         1
 Shock                    Conj/Air       0%           75%         1
 Summon Small Mammal      Summ           0%           75%         1
 Call Imp                 Summ           0%           86%         2
 Passwall                 Tmut/Erth      0%           86%         2
 Swiftness                Air            0%           86%         2
 Call Canine Familiar     Summ           0%           98%         3
 Static Discharge         Conj/Air       0%           98%         3
 Stone Arrow              Conj/Erth      0%           98%         3
 Summon Guardian Golem    Hex/Summ       0%           98%         3
 Airstrike                Air            0%           100%        4
 Petrify                  Tmut/Erth      0%           100%        4
 Summon Ice Beast         Ice/Summ       0%           100%        4
 Summon Lightning Spire   Summ/Air       0%           100%        4
 Lee's Rapid Deconstruct  Erth           0%           100%        5
 Lightning Bolt           Conj/Air       0%           100%        5


Dungeon Overview and Level Annotations

Branches:
Dungeon (12/15)            Temple (0/1) D:4            Lair (2/6) D:11
 Shoals (0/4) Lair:2          Orc (0/2) D:11          Sewer (visited)
Volcano (1/1)
  Snake: Lair:2-4    Spider: Lair:2-4

Altars:
Ashenzari
Cheibriados
Kikubaaqudgha
Qazlal
Ru
Trog
Xom
Zin

Annotations:
D:7 3 runed translucent doors, Foxy's ghost, novice DgEE
D:10 3 runed translucent doors, Demosthentine's ghost, novice MfGl
Lair:1 exclusion: 3 oklob plants


Innate Abilities, Weirdness & Mutations

You have a pair of antennae on your head.
You regenerate a little health from kills.
You are partially covered in sharp spines.
You are mostly covered in razor-sharp scales. (AC +2, Slay +2)
Your skin changes colour to match your surroundings (Stealth+).
Armour fits poorly on your strangely shaped body.
Your body sometimes deteriorates upon taking damage.
You are frail. (-10% HP)
You do not regenerate when monsters are visible.
Your muscles are strong. (Str +2)


Message History

t - Shout!
Orders for allies: a - Attack new target. p - Attack previous target. r - Retreat! s - Stop attacking. g - Guard the area. f - Follow me.
Anything else - Cancel.
Gang up on whom?
Press: ? - help, Dir - move target, f - ogre mage, p - two-headed ogre
Aim: an ogre mage, wielding a +2 spear of flaming and wearing a +1 robe of fire resistance (magical condensation, heavily wounded, ally target) Attack!
Something barely misses your two-headed ogre.
Something hits your two-headed ogre! Something burns your two-headed ogre.
You block the ogre mage's attack.
Your two-headed ogre hits the ogre mage with a +2 great mace of flaming!
Your two-headed ogre burns the ogre mage.
Your two-headed ogre closely misses the ogre mage.
The ogre mage hits your two-headed ogre but does no damage.
The two-headed ogre hits your two-headed ogre with a +0 giant club of flaming!!
The two-headed ogre burns your two-headed ogre!
Your two-headed ogre dies!
The ogre mage shouts!
You slice the ogre mage!!
You kill the ogre mage!
Your Shields skill increases to level 6!
You slice the two-headed ogre!! You drain the two-headed ogre.
The two-headed ogre is heavily wounded.
The two-headed ogre hits you with a +0 giant club of flaming!!
Your body deteriorates!
You feel weakened. The two-headed ogre burns you.
The two-headed ogre hits you with a +1 great mace of flaming!
* * * LOW HITPOINT WARNING * * *
The two-headed ogre burns you.
* * * LOW HITPOINT WARNING * * *
Xom makes a sudden noise!
You hear a bark!
Aiming: Mindburst
Press: ? - help, Shift-Dir - straight line, f - two-headed ogre
Aim: a two-headed ogre, wielding a +0 giant club of flaming and a +1 great mace of flaming (magical condensation, heavily wounded, lightly drained, chance to affect: 76%)
The two-headed ogre's mind is blasted!
The two-headed ogre hits you with a +0 giant club of flaming!!
You die...
Xom laughs nastily!

## #### ## ###.#####
###O°##.?##
........###.@##.)(§§#
§§§.≈≈§≈.....[.#####∩!..§#
§≈§≈≈≈§≈.....### ≈§§$.§#
§§≈≈≈≈≈§§≈≈....# #§§.≈§#
≈≈≈≈≈≈≈≈≈≈....## #≈§§##
≈§≈≈§§≈§≈§.....# #≈≈#
.≈≈≈≈§≈≈§≈....## ≈##
.≈≈≈≈§≈≈....### #
...........#.## ###


You could see a two-headed ogre (drained).

Vanquished Creatures
  The ghost of Mrcawl the Cruncher, a journeyman DsGl of Okawaru (Lair:1)
  2 hydras
  An ogre mage (Volcano)
  5 death yaks (Lair:2)
  A hell knight (Volcano)
  2 ugly things
  2 black mambas
  A merfolk siren (Lair:2)
  A guardian serpent (shapeshifter) (Lair:2)
  3 cane toads
  6 komodo dragons
  A troll (D:11)
  A merfolk (Lair:2)
  2 polar bears (Lair:1)
  A queen bee (D:9)
  5 blink frogs (Lair:2)
  2 spriggans (Lair:1)
  13 yaks
  2 wyverns
  2 soldier ants
  4 water moccasins
  2 ice beasts
  A sky beast (D:12)
  5 orc warriors
  The ghost of jasper the Cutter, an amateur DgGl (D:3)
  3 ogres
  A centaur (D:9)
  4 phantoms
  7 bullfrogs
  2 gnoll sergeants
  A troll zombie (D:11)
  2 scorpions
  32 killer bees
  6 wights
  3 howler monkeys (D:9)
  4 centaur zombies
  5 hounds
  A quasit (D:5)
  Crazy Yiuf (D:3)
  5 orc priests
  5 bullfrog skeletons
  2 iguanas
  Terence (D:3)
  6 orc wizards
  Ijyb (D:3)
  6 worker ants
  4 ogre zombies (D:11)
  A hound zombie (D:7)
  10 adders
  10 gnolls
  5 river rats (Sewer)
  A shadow imp (D:8)
  4 white imps
  An ufetubus (D:6)
  3 oozes
  An adder skeleton (D:4)
  2 worms (D:2)
  A dart slug (D:3)
  4 leopard geckos
  29 orcs
  8 bats
  8 giant cockroaches
  5 hobgoblins
  22 jackals
  2 quokkas
  6 ball pythons
  4 frilled lizards
  9 goblins
  4 goblin zombies (D:11)
  A hobgoblin zombie (D:11)
  21 kobolds
  A leopard gecko zombie (D:3)
  10 orc zombies (D:11)
  27 rats
369 creatures vanquished.

Vanquished Creatures (collateral kills)
  A two-headed ogre (Volcano)
  2 ogres
  A phantom (D:11)
  3 killer bees (D:9)
  3 ogre zombies (D:11)
  A hound zombie (D:6)
  An orc (D:6)
  A quokka (D:7)
  A hobgoblin skeleton (D:11)
  A hobgoblin zombie (D:11)
  An orc skeleton (D:11)
  7 orc zombies (D:11)
23 creatures vanquished.

Vanquished Creatures (others)
  A two-headed ogre (Volcano)
  An oklob plant (Lair:1)
  3 wights (D:8)
  11 fungi
  30 plants
46 creatures vanquished.

Grand Total: 438 creatures vanquished

Notes
Turn   | Place    | Note
-------+----------+-------------------------------------------
     0 | D:1      | miscthings the Demonspawn Chaos Knight began the quest for
                  | the Orb.
     0 | D:1      | Reached XP level 1. HP: 18/18 MP: 1/1
     1 | D:1      | You fall into a shaft and drop 1 floor!
     1 | D:2      | XOM: noise
    20 | D:2      | Reached skill level 3 in Maces & Flails
    39 | D:2      | Gained mutation: You regenerate a little health from kills.
                  | [demonic ancestry]
    39 | D:2      | Reached XP level 2. HP: 7/24 MP: 2/2
   405 | D:1      | XOM: silly message
   698 | D:1      | Gained mutation: You are partially covered in sharp spines.
                  | [demonic ancestry]
   698 | D:1      | Reached XP level 3. HP: 27/29 MP: 3/3
   730 | D:1      | XOM: silly message
   881 | D:2      | Reached skill level 4 in Maces & Flails
   978 | D:2      | XOM: butterfly on damage
  1049 | D:2      | XOM: cast spell 'Olgreb's Toxic Radiance'
  1101 | D:2      | XOM: silly message
  1104 | D:2      | You fall into a shaft and drop 2 floors!
  1249 | D:4      | Noticed an ogre
  1266 | D:4      | Killed an ogre
  1267 | D:4      | Reached skill level 5 in Maces & Flails
  1267 | D:4      | Reached XP level 4. HP: 35/35 MP: 4/4
  1267 | D:4      | Gained mutation: You are partially covered in razor-sharp
                  | scales. (AC +1, Slay +1) [demonic ancestry]
  1267 | D:4      | Reached XP level 5. HP: 41/41 MP: 5/5
  1269 | D:4      | XOM: 1-stop teleportation journey
  1356 | D:4      | XOM: butterfly on damage
  1435 | D:4      | XOM: silly message
  1671 | D:3      | Noticed Terence
  1700 | D:3      | Killed Terence
  1777 | D:3      | Found a transporter.
  1878 | D:3      | XOM: noise
  1927 | D:3      | XOM: noise
  1978 | D:3      | Found a runed translucent door.
  1979 | D:3      | Noticed Crazy Yiuf
  2221 | D:3      | Noticed Ijyb
  2223 | D:3      | Paralysed by Ijyb for 6 turns
  2238 | D:3      | Killed Ijyb
  2241 | D:3      | Found a transporter.
  2243 | D:3      | Noticed jasper's ghost (amateur DgGl)
  2352 | D:3      | Reached skill level 6 in Maces & Flails
  2613 | D:2      | Gained mutation: You have a pair of small antennae on your
                  | head. [demonic ancestry]
  2613 | D:2      | Reached XP level 6. HP: 47/47 MP: 6/6
  2710 | D:2      | XOM: 4-stop teleportation journey
  2772 | D:2      | XOM: silly message
  3250 | D:2      | XOM: silly message
  3420 | D:3      | Killed Crazy Yiuf
  3591 | D:4      | Found a bloodstained altar of Trog.
  3763 | D:4      | Reached skill level 7 in Maces & Flails
  3885 | D:4      | Found a faded altar of an unknown god.
  3885 | D:4      | Found a bloodstained altar of Trog.
  3892 | D:4      | Found a sacrificial altar of Ru.
  3894 | D:4      | Found a broken altar of Ashenzari.
  3896 | D:4      | Found a faded altar of an unknown god.
  3956 | D:4      | Found a staircase to the Ecumenical Temple.
  3964 | D:4      | XOM: silly message
  4115 | D:5      | Entered Level 5 of the Dungeon
  4134 | D:5      | XOM: noise
  4148 | D:5      | Reached XP level 7. HP: 48/52 MP: 7/7
  4454 | D:5      | XOM: scenery: create altars
  4484 | D:5      | XOM: noise
  4484 | D:5      | Found a stormy altar of Qazlal.
  4570 | D:5      | XOM: potion effect (might)
  4679 | D:6      | Found a glowing silver altar of Zin.
  4762 | D:6      | XOM: divination: detect creatures
  4776 | D:6      | Reached skill level 8 in Maces & Flails
  4779 | D:6      | XOM: potion effect (might)
  4782 | D:6      | XOM: cast spell 'Summon Mana Viper'
  4814 | D:6      | XOM: divination: magic mapping
  4815 | D:6      | Cast into level 1 of the Abyss (orc wizard)
  4833 | D:6      | Escaped the Abyss
  4860 | D:6      | XOM: divination: detect creatures
  4862 | D:6      | Reached skill level 9 in Maces & Flails
  4862 | D:6      | Gained mutation: You are mostly covered in razor-sharp
                  | scales. (AC +2, Slay +2) [demonic ancestry]
  4862 | D:6      | Reached XP level 8. HP: 22/56 MP: 8/8
  4912 | D:6      | XOM: cloud trail
  5011 | D:6      | Found a glowing drain.
  5032 | D:6      | XOM: cloud trail
  5034 | Sewer    | Entered a sewer
  5120 | Sewer    | XOM: god gift: chain mail {god gift}
  5135 | Sewer    | XOM: enchant monster (good)
  5217 | Sewer    | XOM: snakes to sticks
  5480 | Sewer    | XOM: god gift: 2 scrolls labelled BIOREVOCHA {god gift}
  6000 | D:7      | Found a runed translucent gate.
  6000 | D:7      | Found a runed translucent gate.
  6000 | D:7      | Found a runed translucent gate.
  6001 | D:7      | Noticed Foxy's ghost (novice DgEE)
  6056 | D:7      | Reached skill level 10 in Maces & Flails
  6086 | D:7      | XOM: summons 3 friendly demons
  6492 | D:7      | XOM: fog
  6514 | D:6      | XOM: summons 4 hostile shadow creatures
  6527 | D:7      | XOM: god gift: 28 stones
  6659 | D:3      | XOM: fog
  6677 | D:3      | Killed jasper's ghost
  6902 | D:8      | XOM: give mutations
  6902 | D:8      | Gained mutation: Your skin changes colour to match your
                  | surroundings (Stealth+). [Xom's grace]
  6902 | D:8      | Gained mutation: Your muscles are strong. (Str +2) [Xom's
                  | grace]
  7001 | D:8      | Reached skill level 11 in Maces & Flails
  7001 | D:8      | Reached XP level 9. HP: 61/63 MP: 9/9
  7055 | D:8      | XOM: stat loss: -1 Int (12/13)
  7116 | D:8      | XOM: destruction
  7273 | D:8      | XOM: summons 7 friendly demons
  7279 | D:8      | Reached skill level 1 in Dodging
  7489 | D:8      | XOM is BORED!
  7489 | D:8      | XOM: give mutations
  7489 | D:8      | Gained mutation: You do not regenerate when monsters are
                  | visible. [Xom's mischief]
  7489 | D:8      | Gained mutation: Your body sometimes deteriorates upon
                  | taking damage. [Xom's mischief]
  7489 | D:8      | Gained mutation: Armour fits poorly on your strangely
                  | shaped body. [Xom's mischief]
  7489 | D:8      | Gained mutation: You are frail. (-10% HP) [Xom's mischief]
  7490 | D:8      | XOM: draining
  7519 | D:9      | Noticed a brown ugly thing
  7531 | D:9      | Killed a brown ugly thing
  7532 | D:9      | Reached skill level 1 in Shields
  7532 | D:9      | Reached skill level 1 in Evocations
  7610 | D:9      | XOM: fake destruction
  7632 | D:9      | XOM: confuse monster(s)
  7871 | D:9      | XOM: polymorph killer bee -> bat
  7872 | D:9      | Noticed a queen bee
  7877 | D:9      | XOM: polymorph killer bee -> steam dragon
  7879 | D:9      | XOM: summons friendly quasit
  7880 | D:9      | XOM: fog
  7893 | D:9      | Killed a queen bee
  7905 | D:9      | Reached XP level 10. HP: 27/64 MP: 10/10
  7979 | D:9      | XOM: confusion (+ monsters)
  8136 | D:9      | XOM: enchant monster (good)
  8155 | D:9      | Reached skill level 12 in Maces & Flails
  8192 | D:9      | XOM: smoke on damage
  8204 | D:9      | XOM: confuse monster(s)
  8306 | D:9      | Found an ancient bone altar of Kikubaaqudgha.
  8313 | D:9      | Found a snail-covered altar of Cheibriados.
  8445 | D:10     | Entered Level 10 of the Dungeon
  8582 | D:10     | XOM: blink monster(s)
  8591 | D:10     | Reached skill level 5 in Fighting
  8804 | D:10     | Found a runed translucent gate.
  8805 | D:10     | Found a runed translucent gate.
  8805 | D:10     | Noticed a spectral centaur warrior
  8807 | D:10     | Found a runed translucent gate.
  8808 | D:10     | Noticed Demosthentine's ghost (novice MfGl)
  8808 | D:10     | Noticed a spectral centaur warrior
  8808 | D:10     | Noticed a spectral centaur warrior
  9083 | D:10     | XOM: polymorph orc warrior -> hound
  9299 | D:11     | Found a staircase to the Lair.
  9341 | D:11     | Found a staircase to the Orcish Mines.
  9359 | D:11     | XOM: summons 10 friendly demons
  9468 | D:11     | XOM: blink monster(s)
  9469 | D:11     | XOM: summons friendly ufetubus
  9554 | D:11     | XOM: cloud trail
  9605 | D:11     | XOM: confuse monster(s)
  9735 | D:11     | XOM: god gift: 24 gold pieces
  9779 | D:11     | Got a fading war axe
  9780 | D:11     | Identified the +9 war axe of Ravage {drain, +Blink Str+5}
                  | (You found it on level 11 of the Dungeon)
  9941 | D:11     | Noticed a red ugly thing
  9950 | D:11     | Killed a red ugly thing
  9951 | D:11     | Gained mutation: You have a pair of antennae on your head.
                  | [demonic ancestry]
  9951 | D:11     | Reached XP level 11. HP: 72/72 MP: 11/11
 10043 | D:11     | XOM: scenery: 3 doors close
 10060 | D:12     | Noticed a seven-headed hydra
 10065 | D:12     | Killed a seven-headed hydra
 10066 | D:12     | Reached skill level 1 in Axes
 10154 | Lair:1   | Entered Level 1 of the Lair of Beasts
 10282 | Lair:1   | Noticed an oklob plant
 10282 | Lair:1   | Noticed an oklob plant
 10282 | Lair:1   | XOM: enchant monster (good)
 10285 | Lair:1   | Noticed an oklob plant
 10285 | Lair:1   | Noticed an oklob plant
 10285 | Lair:1   | XOM: blink monster(s)
 10288 | Lair:1   | XOM: enchant monster (good)
 10300 | Lair:1   | XOM: divination: detect items
 10421 | Lair:1   | XOM: summons friendly crimson imp
 10431 | Lair:1   | XOM: scenery: create altars
 10436 | Lair:1   | XOM: confuse monster(s)
 10440 | Lair:1   | Reached skill level 5 in Armour
 10440 | Lair:1   | Reached skill level 5 in Evocations
 10670 | Lair:1   | XOM: god gift: jewelled chain mail {god gift}
 10671 | Lair:1   | Got a jewelled chain mail {god gift}
 10682 | Lair:1   | Identified the +2 chain mail of Pragmatism {Dex+5} (Xom
                  | gifted it to you on level 1 of the Lair of Beasts)
 10762 | Lair:1   | Found a runed translucent door.
 10763 | Lair:1   | Identified the +3 trident of Woe {drain, rElec rF+ rC+}
 10844 | Lair:1   | Noticed Mrcawl's ghost (journeyman DsGl)
 10918 | Lair:1   | XOM: noise
 10975 | Lair:1   | XOM: summons 6 hostile demons
 11034 | Lair:1   | HP: 1/65 [Mrcawl's ghost (10)]
 11037 | Lair:1   | XOM: cleaving
 11345 | Lair:1   | Killed Mrcawl's ghost
 11346 | Lair:1   | Reached skill level 5 in Dodging
 11447 | Lair:2   | Reached skill level 5 in Shields
 11489 | Lair:2   | XOM: cleaving
 11681 | Lair:2   | XOM: 3-stop teleportation journey
 11755 | Lair:2   | XOM: divination: detect creatures
 11773 | Lair:2   | Found a staircase to the Shoals.
 11817 | Lair:2   | Noticed an eight-headed hydra
 11823 | Lair:2   | XOM: divination: magic mapping
 11842 | Lair:2   | Reached XP level 12. HP: 44/80 MP: 12/12
 11849 | Lair:2   | Noticed a death yak
 11850 | Lair:2   | Noticed a death yak
 11850 | Lair:2   | Noticed a death yak
 11852 | Lair:2   | Noticed a death yak
 11852 | Lair:2   | Noticed a death yak
 11869 | Lair:2   | Noticed a death yak
 11872 | Lair:2   | Killed a death yak
 11873 | Lair:2   | Reached skill level 5 in Axes
 11873 | Lair:2   | Killed a death yak
 11876 | Lair:2   | Killed a death yak
 11883 | Lair:2   | Killed a death yak
 11895 | Lair:2   | XOM: destruction
 11920 | Lair:2   | a death yak changed into a shapeshifter
 11920 | Lair:2   | XOM: polymorph death yak -> shapeshifter
 11926 | Lair:2   | Killed a death yak
 11930 | Lair:2   | XOM: enchant monster (bad)
 11946 | Lair:2   | XOM: summons friendly iron imp
 11954 | Lair:2   | XOM: fog
 11958 | Lair:2   | Killed an eight-headed hydra
 12019 | Lair:2   | XOM: polymorph basilisk -> soldier ant
 12050 | Lair:2   | Found a dark tunnel.
 12057 | Volcano  | Entered a volcano
 12098 | Volcano  | Noticed a two-headed ogre
 12104 | Volcano  | Killed a two-headed ogre
 12195 | Volcano  | Noticed a two-headed ogre
 12195 | Volcano  | Noticed a two-headed ogre
 12195 | Volcano  | Noticed an ogre mage
 12197 | Volcano  | XOM: smoke on damage
 12204 | Volcano  | Killed an ogre mage
 12206 | Volcano  | XOM: noise
 12209 | Volcano  | Slain by a two-headed ogre

Illustrated notes

Levels and vault maps discovered:
D:1:      roderic_crop_circles_arrival_small, layout_basic
D:2:      layout_basic
D:3:      layout_basic, gammafunk_ghost_mausoleum, uniq_terence, uniq_ijyb,
          uniq_crazy_yiuf_cottage
D:4:      layout_basic, chequers_temple_overflow_minitemple, temple_fountains,
          minmay_misc_feat_four_crosses, bloody_trog
D:5:      layout_loops_cross, nicolae_qazlal_general_emergency
D:6:      layout_cave_pools, old_standard_altar, portal_sewer_entry_a,
          kennysheep_small_square
D:7:      layout_loops_ring, ebering_ghost_rock_garden
D:8:      layout_basic
D:9:      layout_long_grid, amethyst_overflow_temple_binary, special_room
          [special_room_bee]
D:10:     layout_roguey, gammafunk_ghost_necromancy, minmay_hedge_maze
D:11:     layout_basic, lair_entry_dummy, zombieorc2_lemuel, kennysheep_donut
D:12:     minmay_nested_s, layout_basic, serial_shops, shop, uniq_kirke,
          uniq_gastronok, uniq_snorg
Lair:1:   layout_gridlike, ebering_ghost_funeral_grove, st_stairs_5,
          minmay_lair_oklob_chamber
Lair:2:   layout_long_grid, elwin_shoals_entry_rooms, enter_volcano_4,
          grunt_megastairs_5
Volcano:  volcano_pools

Skill      XL: |  1  2  3  4  5  6  7  8  9 10 11 12 |
---------------+-------------------------------------+-----
Maces & Flails | 3 5 6 7 9 11 12 | 12.4
Dodging        | 2 4 5 6 |  6.1
Armour         | 3 4 5 6 |  6.2
Shields        | 2 4 5 6 |  6.0
Evocations     | 2 4 5 6 |  6.5
Fighting       | 4 5 6 7 |  7.3
Axes           | 4 6 |  6.1

Action                   |  1- 3 |  4- 6 |  7- 9 | 10-12 || total
-------------------------+-------+-------+-------+-------++-------
Melee: Mace              |   127 |    36 |       |       ||   163
       Whip              |       |    78 |   263 |       ||   341
       Flail             |       |       |   100 |   222 ||   322
       War axe           |       |       |       |   213 ||   213
Evoke: Wand              |     6 |    11 |    17 |    38 ||    72
  Use: Scroll            |       |     7 |     8 |     8 ||    23
       Potion            |       |       |     2 |    13 ||    15
 Stab: Paralysed         |    10 |     3 |    10 |     3 ||    26
       Petrified         |     2 |     2 |       |       ||     4
       Confused          |       |       |       |     5 ||     5
Armor: Leather armour    |    64 |     7 |       |     1 ||    72
       Chain mail        |       |    36 |    63 |   102 ||   201
       Scale mail        |       |       |    91 |    63 ||   154
Dodge: Dodged            |   135 |    22 |    66 |   147 ||   370
Block: Kite shield       |       |       |    76 |   261 ||   337
       Reflection        |       |       |       |     2 ||     2

Table legend: (Time is in decaauts)
 A = Elapsed time spent in this place.
 B = Non-inter-level travel time spent in this place.
 C = Inter-level travel time spent in this place.
 D = Time resting spent in this place.
 E = Time spent auto-exploring this place.
 F = Levels seen in this place.
 G = Mean time per level.
                   A        B        C        D        E       F      G
               +--------+--------+--------+--------+--------+-----+--------+
         Total |  12276 |  11549 |    727 |   1075 |   7046 |  17 |  722.1 |
       Dungeon |   9796 |   9118 |    678 |    894 |   5919 |  12 |  816.3 |
          Lair |   1802 |   1754 |     48 |    181 |    784 |   2 |  901.0 |
         Abyss |     17 |     17 |      0 |      0 |      0 |   1 |   17.0 |
         Sewer |    506 |    506 |      0 |      0 |    318 |   1 |  506.0 |
       Volcano |    152 |    152 |      0 |      0 |     25 |   1 |  152.0 |
               +--------+--------+--------+--------+--------+-----+--------+

Top non-repeatable levels by time:
     D:3: 1417 daAuts
  Lair:1: 1159 daAuts
     D:2: 1151 daAuts
    D:11: 1003 daAuts
     D:9: 1000 daAuts
     D:4: 963 daAuts
    D:10: 756 daAuts
     D:7: 752 daAuts
     D:1: 742 daAuts
     D:6: 704 daAuts
     D:8: 693 daAuts
  Lair:2: 642 daAuts
     D:5: 570 daAuts
   Sewer: 506 daAuts
 Volcano: 152 daAuts
